 Dungeon Crawl Stone Soup version 0.31-a0-986-g5e6e4ef867 (webtiles) character file.

Game seed: 8674605748984873156

2674 Naiya55 the Cleaver (level 9, 0/73 HPs)
             Began as a Formicid Fighter on Nov 3, 2023.
             Was an Initiate of Okawaru.
             Slain by a centaur (1 damage)
             ... on level 7 of the Dungeon.
             The game lasted 00:11:56 (6030 turns).

Naiya55 the Cleaver (Formicid Fighter)              Turns: 6030, Time: 00:11:57

Health: 0/73       AC: 11    Str: 24    XL:     9   Next: 95%
Magic:  9/9        EV:  8    Int:  9    God:    Okawaru [......]
Gold:   363        SH:  6    Dex: 13    Spells: 8/8 levels left

rFire   . . .        a - +0 war axe
rCold   . . .        c - +0 buckler
rNeg    + . .        e - +0 chain mail
rPois   +            (helmet unavailable)
rElec   .            (no cloak)
rCorr   .            (no gloves)
SInv    +            p - +0 pair of boots
Will    .....        (no amulet) Stlth
                     l - ring of positive energy
HPRegen 0.32/turn    t - ring of poison resistance
MPRegen 0.11/turn

%: no passive effects
@: no status effects
A: permanent stasis, dig shafts and tunnels, antennae 3, four strong arms
a: Dig, Shaft Self, Renounce Religion


You were on level 7 of the Dungeon.
You worshipped Okawaru.
Okawaru was noncommittal.
You visited 1 branch of the dungeon, and saw 8 of its levels.
You also visited: Sewer.

You collected 363 gold pieces.

Inventory:

Hand Weapons
 a - a +0 war axe (weapon)
 b - a +0 sling
Armour
 c - a +0 buckler (worn)
 e - a +0 chain mail (worn)
 p - a +0 pair of boots (worn)
Jewellery
 l - a ring of positive energy (left hand)
 t - a ring of poison resistance (right hand)
Wands
 q - a wand of polymorph (7)
Scrolls
 f - a scroll of silence {unknown}
 g - a scroll of identify
 h - a scroll of brand weapon {unknown}
 j - 2 scrolls of amnesia {unknown}
 k - a scroll of noise {unknown}
 r - a scroll of teleportation {unknown}
 v - 5 scrolls of fear {unknown}
Potions
 d - 5 potions of might
 i - 3 potions of brilliance
 m - 2 potions of curing
 n - 2 potions of mutation
 o - a potion of lignification {unknown}
 s - a potion of attraction {unknown}
 u - 2 potions of heal wounds
 w - a potion of magic {unknown}


   Skills:
 - Level 7.7 Fighting
 - Level 9.2 Axes
 + Level 6.0 Armour
 + Level 7.3 Shields


You had 8 spell levels left.
You didn't know any spells.
Your spell library contained the following spells:

 Spells                   Type           Power      Damage    Failure   Level
 Poisonous Vapours        Pois/Air       0%         N/A       98%         2
 Hailstorm                Conj/Ice       0%         3d3       100%        3
 Mephitic Cloud           Conj/Pois/Air  0%         N/A       100%        3
 Ozocubu's Armour         Ice            0%         N/A       100%        3
 Leda's Liquefaction      Hex/Erth       0%         N/A       100%        4
 Freezing Cloud           Conj/Ice/Air   0%         6-21      100%        5
 Lee's Rapid Deconstruct  Erth           0%         3d4*      100%        5
 Bombard                  Conj/Erth      0%         9d1       100%        6
 Ozocubu's Refrigeration  Ice            0%         4d7       100%        7
 Polar Vortex             Ice            0%         N/A       100%        9
 Summon Ice Beast         Ice/Summ       Unusable   N/A       N/A         4
 Simulacrum               Ice/Necr       Unusable   N/A       N/A         6

Dungeon Overview and Level Annotations

Branches:
Dungeon (8/15)             Temple (0/1) D:5           Sewer (visited)
   Lair: D:8-11

Altars:
Dithmenos
Okawaru
Vehumet
Xom
Yredelemnul
The Shining One

Shops:
D:1 [   D:3 *

Annotations:
D:6 Jeremiah


Innate Abilities, Weirdness & Mutations

You cannot be hasted, slowed, berserked, paralysed or teleported.
You can dig through walls and to a lower floor.
You have a pair of large antennae on your head. (SInv)
Your four strong arms can wield two-handed weapons with a shield.


Message History

The ice beast hits you but does no damage.
The ice beast hits you. The ice beast freezes you! The ice beast hits you.
The ice beast freezes you! The orc barely misses you.
The orc hits you but does no damage. The orc hits you but does no damage.
The centaur shoots an arrow.
The arrow hits you but does no damage.
There is a stone staircase leading down here.
The centaur shoots an arrow.
The arrow barely misses you. The ice beast barely misses you.
The orc hits you but does no damage.
You climb downwards.
The cyclops shouts!
You hear a shout!
Found three items.
Found a stone staircase leading down.
There is a stone staircase leading up here.
The ice beast completely misses you.
You climb upwards.
There is a stone staircase leading down here.
The centaur shoots an arrow.
The arrow misses you. The orc hits you but does no damage.
The centaur shoots an arrow.
The arrow hits you.
An orc comes into view. It is wielding a +0 flail.
The orc shouts!
You hear a shout!
The orc hits you but does no damage.
The centaur shoots an arrow.
You block the arrow.
The centaur shoots an arrow.
The arrow hits you.
* * * LOW HITPOINT WARNING * * *
The orc hits you with a +0 trident.
* * * LOW HITPOINT WARNING * * *
The ice beast attacks as it pursues you!
The ice beast barely misses you.
The centaur shoots an arrow.
The arrow hits you!
* * * LOW HITPOINT WARNING * * *
The orc hits you but does no damage.
The centaur shoots an arrow.
The arrow hits you.
* * * LOW HITPOINT WARNING * * *
The orc hits you but does no damage.
The centaur unwields a +0 shortbow.
You block the centaur's attack. The centaur barely misses you.
The centaur hits you but does no damage.
The centaur kicks you.
You die...

##.....#.......##....... ..###.
#.....................# .
....#.####.....>...........#..#..
........###....#...#.......#.....
........# ##...#C.###.......>....
........###.....C..##..{...<.....
....#...##......Yo.##...C.....#..
...............c...##.........# .
......<........o@...............
.......##........................
#......#.............###.##......
.................>...# ## #......
...#.♣.♣.#............. .......
.....................###
...♣.♣.♣.♣......#....#
......_....##...#...##
...♣.♣.♣.♣........#


You could see 2 cyclopes, an ice beast, a centaur and 2 orcs.

Vanquished Creatures
  Sigmund (D:4)
  A steam dragon (D:6)
  Menkaure (D:7)
  3 water moccasins
  A black bear (D:7)
  2 sky beasts
  5 ogres
  A centaur (D:6)
  A phantom (D:5)
  A bullfrog (D:7)
  2 scorpions (D:5)
  4 wights
  3 howler monkeys (D:6)
  A jelly (D:4)
  3 hounds
  5 iguanas
  3 sleepcaps
  2 orc wizards (D:6)
  9 adders
  A river rat (D:6)
  3 white imps
  2 worms
  3 dart slugs
  19 orcs
  8 ball pythons
  7 endoplasms
  A giant cockroach (D:1)
  7 hobgoblins
  3 jackals (D:1)
  6 kobolds
  6 quokkas
  2 bats (D:2)
  8 frilled lizards
  7 goblins
  7 rats
139 creatures vanquished.

Vanquished Creatures (others)
  An orc (D:4)
1 creature vanquished.

Grand Total: 140 creatures vanquished

Notes
Turn   | Place    | Note
-------+----------+-------------------------------------------
     0 | D:1      | Naiya55 the Formicid Fighter began the quest for the Orb.
     0 | D:1      | Reached XP level 1. HP: 18/18 MP: 1/1
   137 | D:1      | Found Ifaleina's Antique Armour Shoppe.
   301 | D:1      | Reached XP level 2. HP: 23/24 MP: 2/2
   727 | D:1      | Reached XP level 3. HP: 28/30 MP: 3/3
   789 | D:2      | Reached skill level 3 in Axes
   941 | D:2      | Reached XP level 4. HP: 35/37 MP: 4/4
  1292 | D:3      | Found Dofuac's General Store.
  1561 | D:3      | Identified the beast talisman of Fyzughyi {rC+}
  1756 | D:4      | Noticed Sigmund
  1817 | D:4      | Killed Sigmund
  1818 | D:4      | Reached skill level 5 in Fighting
  1818 | D:4      | Reached skill level 5 in Axes
  1818 | D:4      | Reached XP level 5. HP: 25/44 MP: 5/5
  1818 | D:4      | Reached XP level 6. HP: 29/51 MP: 6/6
  2051 | D:4      | Found a shimmering altar of Xom.
  2333 | D:4      | Reached XP level 7. HP: 53/56 MP: 7/7
  2544 | D:5      | Entered Level 5 of the Dungeon
  2724 | D:5      | Found a shadowy altar of Dithmenos.
  2761 | D:5      | Reached skill level 6 in Axes
  2773 | D:5      | Found a radiant altar of Vehumet.
  3198 | D:5      | Reached skill level 7 in Axes
  3198 | D:5      | Reached XP level 8. HP: 59/64 MP: 8/8
  3226 | D:5      | Found a basalt altar of Yredelemnul.
  3228 | D:5      | Noticed a profane servitor
  3240 | D:5      | Found a glowing golden altar of the Shining One.
  3243 | D:5      | Noticed an angel
  3503 | D:5      | Found a staircase to the Ecumenical Temple.
  3770 | D:6      | Reached skill level 8 in Axes
  4101 | D:6      | Found a glowing drain.
  4105 | Sewer    | Entered a sewer
  4573 | D:6      | Reached XP level 9. HP: 60/72 MP: 9/9
  4663 | D:6      | Reached skill level 9 in Axes
  5317 | D:6      | Reached skill level 5 in Shields
  5404 | D:7      | Noticed Menkaure
  5490 | D:7      | Killed Menkaure
  5491 | D:7      | Reached skill level 5 in Armour
  5875 | D:7      | Found an iron altar of Okawaru.
  5914 | D:7      | Became a worshipper of Warmaster Okawaru
  5969 | D:6      | Noticed Jeremiah
  6013 | D:7      | Noticed a cyclops
  6022 | D:8      | Noticed a cyclops
  6028 | D:7      | HP: 1/73 [centaur/arrow (6)]
  6030 | D:7      | Slain by a centaur

Illustrated notes

Levels and vault maps discovered:
D:1:      psy_arrival_fountain, layout_rooms, serial_shops,
          nicolae_shop_tiny_waterfront, palyth_stone_intersect,
          kennysheep_another_room
D:2:      layout_rooms
D:3:      layout_loops_ring, serial_shops, nicolae_shop_pleasant_corner_grove,
          kennysheep_nub
D:4:      layout_loops_ring, xom_confusion_cloud, uniq_sigmund
D:5:      layout_basic, grunt_temple_overflow_holy_war, lemuel_doored_altar,
          kennysheep_little_box, minmay_temple_entry_poolview
D:6:      layout_basic, gup_sewer_entry_spiral, uniq_jeremiah
D:7:      layout_cave_pools, okawaru_trees_1, uniq_menkaure
D:8:      layout_loops_ring, nicolae_sif_muna_condensation, david_lair_shrubbed,
          grunt_ministairs_1, kennysheep_opposing_triangles

Skill      XL: |  1  2  3  4  5  6  7  8  9 |
---------------+----------------------------+-----
Axes           | 3 5 7 8 9 |  9.2
Fighting       | 5 6 7 |  7.7
Armour         | 6 |  6.0
Shields        | 7 |  7.3

Action                     |  1- 3 |  4- 6 |  7- 9 || total
---------------------------+-------+-------+-------++-------
  Melee: War axe           |    94 |   102 |   330 ||   526
    Use: Scroll            |       |       |     6 ||     6
 Armour: Scale mail        |    10 |       |       ||    10
         Chain mail        |    59 |    62 |   288 ||   409
  Dodge: Dodged            |    44 |    33 |   111 ||   188
  Block: Buckler           |    28 |    20 |    86 ||   134

Table legend: (Time is in decaauts)
 A = Elapsed time spent in this place.
 B = Non-inter-level travel time spent in this place.
 C = Inter-level travel time spent in this place.
 D = Time resting spent in this place.
 E = Time spent auto-exploring this place.
 F = Levels seen in this place.
 G = Mean time per level.
                   A        B        C        D        E       F      G
               +--------+--------+--------+--------+--------+-----+--------+
         Total |   6257 |   6145 |    112 |    810 |   3699 |   9 |  695.2 |
       Dungeon |   5864 |   5752 |    112 |    810 |   3497 |   8 |  733.0 |
         Sewer |    392 |    392 |      0 |      0 |    202 |   1 |  392.0 |
               +--------+--------+--------+--------+--------+-----+--------+

Top non-repeatable levels by time:
     D:6: 1720 daAuts
     D:5: 1196 daAuts
     D:1: 800 daAuts
     D:4: 786 daAuts
     D:3: 599 daAuts
     D:2: 424 daAuts
   Sewer: 392 daAuts
     D:7: 335 daAuts
     D:8: 1 daAuts
